AoeStats
← kjubab

Arabia

509426900Analyzed
2v2 RM · 6d ago on Sep 26, 2026· 61m 6s· 4 players
Game mode
Random Map
Map size
Medium (4 player)
Population
200
Speed
Normal
Resources
Standard
Victory
Conquest
Starting age
Dark Age
Ending age
Imperial Age
RankedLock teamsTeams togetherTeam positionsShared explorationLock speedFull tech treeHidden civsTurbo modeCheats
Victory
Defeat
🇨🇿 Khmer · Czechia
748
+17
🇨🇿 Byzantines · Czechia
704
+18
🇨🇳 Cumans · China
767
-36
🇺🇸 Bohemians · United States
758
-17
kjubab
10:01 Feudal Age
8:24 Loom
11:38 Bloodlines
12:54 Scale Barding Armor
13:00 Forging
13:01 Scale Barding Armor
22:08 Horse Collar
22:15 Double-Bit Axe
25:39 Castle Age
26:12 Light Cavalry
26:52 Husbandry
27:32 Iron Casting
27:17 Chain Barding Armor
27:36 Iron Casting
27:17 Bow Saw
29:31 Town Watch
45:26 Imperial Age
47:58 Conscription
47:43 Double Crossbow
49:51 Conscription
49:21 Hussar
53:48 Blast Furnace
53:23 Plate Barding Armor
53:30 Plate Barding Armor
55:18 Elite Ballista Elephant
56:14 Siege Engineers
56:31 Ballistics
Kedrgda
0:36 Loom
12:02 Feudal Age
13:00 Double-Bit Axe
15:42 Wheelbarrow
15:38 Arson
15:41 Horse Collar
20:46 Forging
20:37 Scale Mail Armor
21:45 Padded Archer Armor
24:56 Fletching
29:36 Castle Age
31:43 Hand Cart
31:35 Heavy Plow
31:48 Bow Saw
32:16 Pikeman
32:57 Squires
32:20 Elite Skirmisher
35:29 Leather Archer Armor
35:10 Bodkin Arrow
35:31 Chain Mail Armor
35:52 Iron Casting
41:05 Gold Mining
41:06 Stone Mining
47:04 Ballistics
46:55 Gambesons
51:47 Imperial Age
49:51 Guard Tower
54:10 Gold Shaft Mining
54:10 Stone Shaft Mining
56:10 Two-Man Saw
55:46 Crop Rotation
54:47 Halberdier
58:50 Plate Mail Armor
58:51 Ring Archer Armor
58:22 Bracer
Cosecant
3:51 Loom
9:49 Feudal Age
12:11 Fletching
14:02 Double-Bit Axe
15:33 Padded Archer Armor
19:38 Castle Age
22:35 Bodkin Arrow
24:46 Crossbowman
29:40 Scale Mail Armor
29:50 Forging
33:34 Leather Archer Armor
33:26 Scale Barding Armor
35:18 Chemistry
39:57 Murder Holes
43:27 Squires
42:48 Pikeman
43:15 Arson
49:46 Imperial Age
48:31 Masonry
53:02 Architecture
czz
0:31 Loom
13:01 Feudal Age
13:32 Horse Collar
13:39 Double-Bit Axe
16:14 Wheelbarrow
32:52 Man-at-Arms
33:17 Arson
35:15 Scale Mail Armor
38:01 Bloodlines
38:05 Forging
37:55 Padded Archer Armor
38:01 Scale Barding Armor
41:28 Fletching
48:31 Castle Age
46:19 Town Watch
49:41 Hand Cart
49:27 Town Patrol
50:42 Squires
52:26 Thumb Ring
51:42 Crossbowman
51:45 Long Swordsman
52:26 Light Cavalry
54:32 Bow Saw
55:11 Gold Mining
55:26 Heavy Plow
58:54 Steppe Husbandry
Connection lost

Rejoining the realm…

Still unreachable

The connection could not be restored.

Session expired

The server has moved on; the page needs a fresh start.